 Dungeon Crawl Stone Soup version 0.31-a0-233-g139696dc86 (webtiles) character file.

Game seed: 10433873967113166022

116 Shard1697 the Insei (level 5, 0/40 HPs)
             Began as a Djinni Transmuter on July 9, 2023.
             Slain by a gnoll
             ... wielding a +0 halberd
              (11 damage)
             ... on level 3 of the Dungeon.
             The game lasted 00:03:55 (2034 turns).

Shard1697 the Insei (Djinni Transmuter)             Turns: 2034, Time: 00:03:56

Health: 0/40       AC:  3    Str:  9    XL:     5   Next: 21%
Gold:   110        EV: 12    Int: 17    God:
                   SH:  0    Dex: 13

rFire   + +          .
                       - Unarmed
rCold   x . .        (no shield)
rNeg    . . .        a - +0 robe
rPois   ∞            (helmet currently unavailable)
rElec   .            d - +0 cloak
rCorr   .            (no gloves)
SInv    .            (boots unavailable)
Will    .....        (no amulet)
Stlth   +            (no ring)
HPRegen 0.26/turn    (no ring)
MPRegen 0.00/turn

%: infuse magic (-1 HP)
@: appendages (expiring), wereblooded, flying
A: horns 2, flying, sickness immunity, fire resistance 2, cold vulnerability 1,
float, innate caster, HP casting, extra vitality 1
a: End Transformation


You were on level 3 of the Dungeon.
You had temporarily grown beastly horns.
You visited 1 branch of the dungeon, and saw 3 of its levels.

You collected 110 gold pieces.

Inventory:

Armour
 a - a +0 robe (worn)
 d - a +0 cloak (worn)
Scrolls
 f - a scroll of fear {unknown}
 h - a scroll of noise {unknown}
 j - a scroll of amnesia {unknown}
 k - a scroll of enchant weapon {unknown}
 l - a scroll of summoning {unknown}
Potions
 b - a potion of lignification
 c - 2 potions of curing {unknown}
 e - a potion of haste {unknown}
 g - a potion of resistance {unknown}
 i - 5 potions of attraction {unknown}
 m - a potion of enlightenment {unknown}
 n - a potion of heal wounds {unknown}


   Skills:
 * Level 2.9 Fighting
 - Level 2.1 Dodging
 * Level 4.1 Unarmed Combat
 * Level 2.7 Spellcasting
 * Level 2.7 Conjurations
 * Level 2.7 Hexes
   Level 0.0 Charms
 * Level 2.7 Summonings
 * Level 2.7 Necromancy
 * Level 2.7 Translocations
 * Level 2.7 Transmutations
 * Level 2.7 Fire Magic
 * Level 2.7 Ice Magic
 * Level 2.7 Air Magic
 * Level 2.7 Earth Magic
 * Level 2.7 Poison Magic


You knew the following spells:

 Your Spells              Type           Power      Damage    Failure   Level
a - Beastly Appendage     Tmut           22%        N/A       6%          1
b - Wereblood             Tmut           11%        N/A       9%          2
c - Spider Form           Tmut/Pois      11%        N/A       17%         3
d - Ice Form              Ice/Tmut       11%        N/A       50%         4
e - Shock                 Conj/Air       44%        1d5       6%          1
f - Momentum Strike       Conj/Tloc      22%        3d8       9%          2
Your spell library was empty.

Dungeon Overview and Level Annotations

Branches:
Dungeon (3/15)

Altars:

Shops:
D:1 =


Innate Abilities, Weirdness & Mutations

You have temporarily grown beastly horns.
You are flying.
You are immune to sickness and miasma.
You are immune to poison.
Your flesh is very heat resistant. (rF++)
You are vulnerable to cold. (rC-)
You float through the air rather than walking.
You learn spells naturally, not from books.
Your magical power is your life essence.
You have superior vitality. (+4 MHP)


Message History

Okay, then.
Things that are here:
a +0 club; a +0 robe You see here a rat corpse.
You now have 110 gold pieces (gained 11).
An endoplasm comes into view.
An endoplasm is nearby!
A gnoll comes into view. It is wielding a +0 halberd.
The endoplasm quivers.
Casting: Wereblood (safe; 9% risk of failure)
Confirm with . or Enter, or press ? or * to list all spells.
You grow a pair of large bovine horns.
The gnoll shouts!
You hear a shout! x4
A gnoll comes into view. It is wielding a +0 flail.
You hear a shout!
A bat comes into view.
Your transformation is almost over.
You see here an adder skeleton.
Casting: Beastly Appendage (safe; 6% risk of failure)
Confirm with . or Enter, or press ? or * to list all spells.
You extend your transformation's duration.
Casting: Beastly Appendage (safe; 6% risk of failure)
Confirm with . or Enter, or press ? or * to list all spells.
Your blood is infused with primal strength.
Your transformation is almost over.
You hit the endoplasm. You headbutt the endoplasm.
You feel a bit better.
You kill the endoplasm!
The gnoll completely misses you. The gnoll hits you with a +0 halberd!
You see here an adder skeleton.
You barely miss the gnoll. Your headbutt misses the gnoll.
The gnoll hits you with a +0 halberd.
You hit the gnoll but do no damage. Your headbutt misses the gnoll.
The gnoll barely misses you.
You hit the gnoll.
The gnoll is moderately wounded.
The gnoll hits you with a +0 halberd!
* * * LOW HITPOINT WARNING * * *
The gnoll attacks as you move away! The gnoll hits you with a +0 halberd!
You die...

........#)..#.......# .
##########.†.(.....# #.
#..)).##......##..
###.######......#.g#
##...##............##
####..####......####....
#....## ##............##
#.#######......#......#
#.##...@gg####......#...
##....###### #.....#####
#....## #.....# #....#
#..$..# #....# #.....#
#....# #.....# #...<#
#.....# ###### #.....#


You could see 2 gnolls.

Vanquished Creatures
  Jessica (D:3)
  An orc wizard (D:3)
  An adder (D:3)
  A worm (D:2)
  A dart slug (D:1)
  4 orcs (D:3)
  8 bats
  7 endoplasms
  3 goblins
  3 hobgoblins (D:2)
  3 kobolds (D:1)
  7 ball pythons
  3 frilled lizards (D:1)
  3 rats
46 creatures vanquished.

Notes
Turn   | Place    | Note
-------+----------+-------------------------------------------
     0 | D:1      | Shard1697 the Djinni Transmuter began the quest for the
                  | Orb.
     0 | D:1      | Shard1697 set off with the following spells memorised:
                  | Beastly Appendage, Wereblood, Spider Form, Ice Form.
     0 | D:1      | Reached XP level 1. HP: 17/17 MP: 0/0
   222 | D:1      | Reached XP level 2. HP: 21/22 MP: 0/0
   495 | D:1      | Reached XP level 3. HP: 27/28 MP: 0/0
   495 | D:1      | Learned a level 1 spell: Shock
   763 | D:1      | Found Joafaigh's One-of-a-Kind Rings.
  1783 | D:3      | Reached XP level 4. HP: 12/33 MP: 0/0
  1949 | D:3      | Noticed Jessica
  1972 | D:3      | Killed Jessica
  1973 | D:3      | Reached skill level 4 in Unarmed Combat
  1973 | D:3      | Reached XP level 5. HP: 35/40 MP: 0/0
  1973 | D:3      | Learned a level 2 spell: Momentum Strike
  2034 | D:3      | Slain by a gnoll

Illustrated notes

Levels and vault maps discovered:
D:1:      minmay_arrival_five_plusses, layout_loops_ring,
          nicolae_shop_unique_rings, minmay_pentomino_v4
D:2:      layout_basic, solitary_fountain
D:3:      layout_rooms, basic_ecumenical_altar, uniq_jessica, uniq_terence,
          uniq_robin

Skill      XL: |  1  2  3  4 |
---------------+-------------+-----
Fighting       | 2 |  2.9
Unarmed Combat | 4 |  4.1
Dodging        | |  2.1
Spellcasting   | |  2.7
Conjurations   | |  2.7
Hexes          | |  2.7
Summonings     | |  2.7
Necromancy     | |  2.7
Translocations | |  2.7
Transmutations | |  2.7
Fire Magic     | |  2.7
Ice Magic      | |  2.7
Air Magic      | |  2.7
Earth Magic    | |  2.7
Poison Magic   | |  2.7

Action                     |  1- 3 |  4- 6 || total
---------------------------+-------+-------++-------
  Melee: Unarmed           |   149 |    32 ||   181
         Headbutt          |    12 |     6 ||    18
         Punch             |     6 |       ||     6
   Cast: Beastly Appendage |    20 |     4 ||    24
         Wereblood         |       |     2 ||     2
   Stab: Sleeping          |     2 |       ||     2
 Armour: Robe              |    43 |     2 ||    45
  Dodge: Dodged            |    98 |    13 ||   111

Table legend: (Time is in decaauts)
 A = Elapsed time spent in this place.
 B = Non-inter-level travel time spent in this place.
 C = Inter-level travel time spent in this place.
 D = Time resting spent in this place.
 E = Time spent auto-exploring this place.
 F = Levels seen in this place.
 G = Mean time per level.
                   A        B        C        D        E       F      G
               +--------+--------+--------+--------+--------+-----+--------+
         Total |   2021 |   1959 |     62 |    161 |   1344 |   3 |  673.7 |
       Dungeon |   2021 |   1959 |     62 |    161 |   1344 |   3 |  673.7 |
               +--------+--------+--------+--------+--------+-----+--------+

Top non-repeatable levels by time:
     D:2: 913 daAuts
     D:1: 809 daAuts
     D:3: 298 daAuts
